Map: Terrasses de Prion

Players

EpicFaiLǂNrD

  • Race: Zerg Zerg
  • League: Diamond

Wishous - Winner!

  • Race: Zerg Zerg
  • League: Platinum

VOD

Have the link to the VOD?

Description

Time

  • Played on: March 4, 2016, 8:42 p.m.
  • Length: 13:15
Show
View Real Time Build Order
Export as new Build Order

EpicFaiLǂNrD Zerg 

Build Orders: Pool First 

Get SALT Encoding   

  12  0:00  Drone  
  13  0:12  Overlord  
  13  0:18  Drone  
  14  0:30  Drone  
  14  0:31  Drone  
  16  0:41  Spawning Pool  
  15  0:44  Extractor  
  15  0:46  Drone  
  15  0:51  Drone  
  15  0:56  Drone  
  17  1:07  Drone  
  18  1:23  Hatchery  
  17  1:27  Zergling x2  
  18  1:38  Queen  
  20  1:46  Overlord  
  20  1:50  Zergling x2  
  21  1:57  Metabolic Boost  
  21  2:02  Zergling x2  
  22  2:14  Drone  
  22  2:15  Zergling x2  
  24  2:21  Baneling Nest  
  23  2:25  Drone  
  24  2:36  Zergling x2  
  26  2:37  Zergling x2  
  24  2:51  Zergling x2  
  24  2:52  Zergling x8  
  29  3:08  Baneling x2  
  29  3:17  Zergling x8  
  32  3:33  Zergling x8  
  32  3:34  Zergling x4  
  35  3:40  Zergling x2  
  35  3:42  Zergling x2  
  33  3:54  Baneling  
  32  3:56  Zergling x4  
  34  4:03  Zergling x4  
  34  4:04  Baneling x3  
  34  4:31  Queen  
  25  4:43  Zergling x14  
  25  4:44  Zergling x4  
  32  4:53  Zergling x2  
  32  5:02  Zergling x4  
  34  5:09  Zergling x4  
  36  5:14  Baneling  
  36  5:15  Baneling x2  
  36  5:18  Baneling x3  
  33  5:35  Zergling x2  
  33  5:36  Zergling x4, Overlord  
  33  5:38  Overlord  
  29  6:02  Drone  
  29  6:03  Drone x7  
  29  6:04  Drone  
  34  6:12  Baneling x3  
  34  6:19  Drone x3  
  34  6:22  Drone  
  34  6:24  Zergling x4  
  40  6:35  Drone x3  
  43  6:43  Extractor  
  42  6:47  Drone x2  
  42  6:48  Drone  
  45  6:55  Overlord  
  45  6:56  Overlord  
  45  7:00  Drone  
  45  7:01  Zergling x4  
  47  7:28  Zergling x4  
  47  7:29  Zergling x6  
  52  7:37  Hatchery  
  52  7:38  Lair  
  52  7:43  Extractor  
  50  7:44  Extractor  
  50  7:48  Baneling x3  
  50  7:49  Baneling x3  
  49  7:55  Drone x3  
  49  7:56  Zergling x8  
  49  7:58  Baneling x6  
  56  7:59  Extractor  
  56  8:04  Burrow  
  55  8:13  Overlord x2  
  55  8:14  Overlord  
  55  8:17  Overlord x4  
  55  8:38  Drone x5  
  61  8:41  Drone  
  61  8:42  Drone x3  
  64  8:49  Drone x2  
  64  8:50  Drone, Queen  
  64  8:51  Drone x2  
  71  8:59  Spire  
  70  9:20  Baneling x6  
  70  9:21  Zergling x2, Baneling x3  
  70  9:22  Zergling x2  
  72  9:24  Hatchery  
  69  9:37  Baneling x23  
  62  9:39  Zergling x22  
  62  9:40  Zergling x2  
  73  9:56  Zergling x2  
  73  9:57  Zergling x8  
  76  10:00  Baneling x2  
  76  10:01  Baneling x5  
  76  10:02  Zergling x2  
  77  10:25  Mutalisk x6  
  77  10:26  Mutalisk  
  67  10:43  Mutalisk x2  
  67  10:44  Mutalisk x2  
  67  10:49  Baneling x2  
  60  10:56  Overseer  
  59  11:02  Zergling x2  
  59  11:03  Baneling x5  
  59  11:04  Baneling x2  
  52  11:34  Mutalisk x2  
  54  12:23  Hatchery  
  49  12:53  Drone  
  49  12:54  Drone x2  
Show
View Real Time Build Order
Export as new Build Order

Wishous Zerg - Winner!

Build Orders: Hatch First, Zergling Baneling 

Get SALT Encoding   

  12  0:01  Drone  
  13  0:09  Drone  
  14  0:18  Extractor  
  14  0:19  Drone  
  14  0:20  Extractor  
  13  0:21  Drone  
  16  0:43  Hatchery  
  16  0:47  Overlord  
  15  1:03  Spawning Pool  
  14  1:07  Drone  
  15  1:11  Drone  
  15  1:15  Drone  
  15  1:16  Extractor  
  16  1:22  Drone  
  17  1:33  Drone  
  18  1:57  Zergling x2  
  18  1:58  Zergling x4  
  18  1:59  Queen  
  23  2:05  Queen  
  25  2:09  Drone  
  26  2:16  Metabolic Boost  
  26  2:19  Drone  
  26  2:21  Drone  
  28  2:37  Overlord  
  28  2:45  Drone, Baneling Nest  
  28  2:47  Drone  
  28  2:50  Zergling x2  
  27  2:55  Queen  
  27  2:57  Zergling x4  
  27  2:58  Zergling x2  
  32  3:13  Drone x2  
  32  3:14  Drone x2  
  32  3:19  Overlord  
  36  3:32  Zergling x2  
  36  3:33  Zergling x4  
  36  3:39  Zergling x2  
  36  3:40  Zergling x4  
  30  3:54  Zergling x2  
  30  3:55  Zergling x4  
  33  3:58  Spine Crawler  
  33  3:59  Spine Crawler  
  33  4:01  Queen  
  33  4:02  Queen  
  32  4:04  Baneling x4  
  32  4:05  Baneling x2  
  34  4:12  Zergling x2  
  34  4:13  Zergling x4  
  34  4:19  Spine Crawler  
  28  4:50  Baneling x3  
  28  4:52  Queen  
  30  4:56  Drone x6  
  36  5:11  Drone x2  
  37  5:23  Roach Warren  
  37  5:24  Evolution Chamber  
  34  5:34  Zergling x2  
  34  5:35  Zergling x14  
  41  5:43  Extractor  
  41  5:44  Drone x2  
  42  5:55  Queen  
  43  6:05  Overlord x2  
  43  6:12  Overlord  
  43  6:19  Lair  
  43  6:30  Drone  
  43  6:31  Drone, Queen  
  43  6:32  Drone x4  
  51  6:40  Hatchery  
  50  6:51  Drone  
  50  6:52  Drone x2  
  53  6:56  Drone, Extractor  
  53  6:57  Extractor  
  52  7:04  Zerg Missile Weapons Level 1  
  52  7:13  Zergling x4  
  52  7:14  Zergling x12  
  60  7:21  Drone  
  57  7:27  Drone  
  58  7:31  Glial Reconstitution  
  58  7:38  Queen x2  
  58  7:43  Baneling  
  58  7:44  Baneling x4  
  62  7:45  Overlord x2  
  62  7:46  Overlord x2  
  62  7:47  Overlord  
  62  7:51  Baneling  
  62  7:52  Roach, Baneling x4  
  66  8:05  Roach  
  66  8:06  Roach x6  
  78  8:23  Roach  
  78  8:24  Roach x5  
  90  8:36  Hatchery  
  89  8:49  Overlord x2, Evolution Chamber  
  89  8:50  Overlord x4  
  88  8:59  Tunneling Claws  
  88  9:00  Burrow  
  88  9:07  Hydralisk Den  
  87  9:17  Drone x2  
  87  9:19  Drone  
  90  9:25  Zergling x2  
  90  9:26  Zergling x8  
  90  9:29  Zerg Missile Weapons Level 2  
  95  9:44  Overseer  
  95  9:45  Overseer x2  
  95  9:51  Overseer x2  
  95  9:55  Roach  
  95  9:56  Roach x4  
  105  10:03  Lurker Den  
  105  10:17  Roach x5  
  110  10:37  Drone x10  
  109  11:13  Hydralisk x9  
  119  11:23  Spore Crawler  
  106  11:26  Spore Crawler  
  106  11:27  Spore Crawler  
  106  11:30  Spore Crawler  
  101  11:38  Spore Crawler x3  
  101  11:39  Spore Crawler x2  
  96  11:40  Spore Crawler  
  96  11:44  Drone x3, Spore Crawler  
  97  11:47  Extractor  
  97  11:49  Extractor  
  93  12:03  Pneumatized Carapace  
  85  12:18  Drone x5  
  85  12:19  Drone x3  
Tags
 
Add a new tag
Caveats
  • Supply blocks, unpowered buildings, or Contaminate may cause inaccurate times.
  • Supply counts are checked every 10 seconds.